Avalanche vs Bruins
Created - December 9, 2024 at 19:06
Goals
|
| Avalanche |
0 |
2 |
0 |
2 |
| Bruins |
1 |
1 |
3 |
5 |
|
Shots
|
| Avalanche |
9 |
13 |
3 |
25 |
| Bruins |
12 |
8 |
21 |
41 |
|
1st period
1. Bruins , Alexander Wennberg 6 (Wojtek Wolski 7) at 11:29 (PP)
Penalties :
Adam Pelech (Bos) for High sticking (Minor) at 1:48, Ryan O'Reilly (Col) for Holding (Minor) at 6:18, Jean-Gabriel Pageau (Col) for Roughing (Minor) at 10:58, Jacob Slavin (Col) for Interference (Minor) at 13:16, Anthony Duclair (Col) for Tripping (Minor) at 17:08
2nd period
2. Bruins , Gabriel Landeskog 11 (Jonathan Toews 10, Zack Kassian 18) at 3:19
3. Avalanche , Kyle Clifford 3 (Rickard Rakell 6) at 7:53 (PP)
4. Avalanche , Stefan Elliott 1 (Jean-Gabriel Pageau 9, Kyle Clifford 13) at 10:04 (PP)
Penalties :
Zack Kassian (Bos) for Slashing (Minor) at 3:35, Adam Pelech (Bos) for Hooking (Minor) at 6:07, Wojtek Wolski (Bos) for Tripping (Minor) at 8:44, Brett Pesce (Bos) for Holding Stick (Minor) at 12:22, Stefan Elliott (Col) for Slashing (Double Minor) at 16:57
3rd period
5. Bruins , Torey Krug 1 (Casey Cizikas 7, Andreas Athanasiou 4) at 1:06
6. Bruins , Gabriel Landeskog 12 (Madison Bowey 7) at 2:41
7. Bruins , Wojtek Wolski 11 (Mark Stone 6, Alexander Wennberg 11) at 10:39
Penalties :
Jean-Gabriel Pageau (Col) for Tripping (Minor) at 12:06
Goalie Stats
Semyon Varlamov (Col), 36 saves from 41 shots - (0.878), L, 2-2-1, 60:00 minutes
Kevin Poulin (Bos), 23 saves from 25 shots - (0.920), W, 9-7-4, 60:00 minutes
Players Stats for Avalanche
Player Name G A P +/- PIM S H SB GA TA FO MP PP MP PK MP
------------------------------------------------------------------------------------
Andrei Kuzmenko 0 0 0 0 0 4 2 0 1 0 0/1 14:03 3:53 0:00
Anthony Duclair 0 0 0 -1 2 0 1 0 0 0 0/1 11:29 0:02 0:45
Bryan Little 0 0 0 -1 0 1 3 0 2 0 7/10 15:15 3:53 0:41
David Rundblad 0 0 0 0 0 1 0 0 0 1 0/0 23:25 4:37 6:17
Drake Caggiula 0 0 0 0 0 1 0 0 0 0 3/4 7:46 0:00 0:00
Erik Karlsson 0 0 0 0 0 0 0 0 0 0 0/0 17:32 4:26 0:24
Jack Johnson 0 0 0 -2 0 0 0 0 0 5 0/0 21:02 0:00 6:09
Jacob Slavin 0 0 0 -1 2 2 2 3 0 1 0/0 23:50 4:26 4:59
Jean-Gabriel Pageau 0 1 1 -2 4 1 1 1 0 0 9/25 20:24 5:10 4:51
Joseph Blandisi 0 0 0 0 0 1 0 0 0 0 1/1 7:46 0:00 0:00
Kyle Clifford 1 1 2 -2 0 5 1 1 0 0 0/2 20:43 5:10 6:02
Nick Cousins 0 0 0 -1 0 2 0 0 0 0 0/2 13:40 3:53 0:00
Patric Hornqvist 0 0 0 -3 0 0 2 0 0 1 0/0 15:16 0:00 5:30
Rickard Rakell 0 1 1 0 0 2 1 0 0 0 3/4 17:45 5:08 2:11
Ryan Hartman 0 0 0 0 0 2 3 0 0 0 0/2 7:46 0:00 0:00
Ryan O'Reilly 0 0 0 -1 2 1 3 0 0 0 7/15 15:24 0:00 4:52
Stefan Elliott 1 0 1 -3 4 2 1 1 0 0 0/0 16:12 4:37 0:54
Vladislav Gavrikov 0 0 0 -3 0 0 0 1 0 0 0/0 18:10 0:00 6:09
Players Stats for Bruins
Player Name G A P +/- PIM S H SB GA TA FO MP PP MP PK MP
------------------------------------------------------------------------------------
Adam Pelech 0 0 0 2 4 0 1 2 1 0 0/0 20:06 6:21 2:04
Alexander Wennberg 1 1 2 1 0 6 0 1 0 0 10/14 19:55 4:55 3:30
Andreas Athanasiou 0 1 1 1 0 2 1 0 1 0 1/4 12:00 0:04 1:17
Brett Pesce 0 0 0 1 2 0 0 1 0 0 0/0 11:06 0:00 1:55
Casey Cizikas 0 1 1 1 0 2 1 2 1 0 3/7 10:25 0:16 0:00
Eric Wellwood 0 0 0 1 0 5 1 2 0 0 0/0 11:34 0:19 1:00
Gabriel Landeskog 2 0 2 2 0 4 0 0 1 1 6/10 24:06 7:24 4:59
Jason Demers 0 0 0 1 0 1 2 0 0 0 0/0 29:15 6:05 5:04
John Quenneville 0 0 0 0 0 1 0 0 0 0 1/1 4:39 0:00 0:00
Jonathan Toews 0 1 1 2 0 2 2 0 0 0 15/30 22:05 7:15 3:00
Madison Bowey 0 1 1 1 0 1 1 1 0 1 0/0 29:15 6:05 5:04
Mark Stone 0 1 1 1 0 7 0 0 1 0 0/0 16:18 4:55 0:00
Mattias Ekholm 0 0 0 1 0 0 0 2 0 0 0/0 8:48 0:00 0:00
Torey Krug 1 0 1 2 0 2 0 0 0 0 0/0 21:57 6:21 3:59
Walker Duehr 0 0 0 0 0 0 0 0 0 0 0/0 4:39 0:00 0:00
Wojtek Wolski 1 1 2 1 2 4 3 0 3 0 0/0 16:59 4:55 0:42
Zack Kassian 0 1 1 2 2 4 1 1 0 1 1/1 23:06 7:15 3:38
Zemgus Girgensons 0 0 0 0 0 0 2 0 0 0 0/0 4:39 0:00 0:00
3 Stars
1 - Gabriel Landeskog (Bos)
2 - Alexander Wennberg (Bos)
3 - Wojtek Wolski (Bos)
Power Play
Avalanche - 2 on 5 Attempt(s) - 40.00%
Bruins - 1 on 7 Attempt(s) - 14.29%
Penalty Kill
Avalanche - 6 on 7 Attempt(s) - 85.71%
- Score 0 goal in Penalty Kill
Bruins - 3 on 5 Attempt(s) - 60.00%
- Score 0 goal in Penalty Kill
Team Stat
Avalanche - Hits : 20 - Faceoff Wins : 30 - Blocked Shots : 7 - Penalty Minutes : 14
Bruins - Hits : 15 - Faceoff Wins : 37 - Blocked Shots : 12 - Penalty Minutes : 10
Official
Referees : Jacob Brenk and Steve Kozari
Linesman : Steve Miller and Steve Barton
Game Notes
No Game Note
Finance
Level 1 -- Attendance: 6000 (100.00%) -- Ticket Income $600,000
Level 2 -- Attendance: 5000 (100.00%) -- Ticket Income $350,000
Level 3 -- Attendance: 2000 (100.00%) -- Ticket Income $80,000
Level 4 -- Attendance: 3712 (92.80%) -- Ticket Income $111,360
Luxury Box -- Attendance: 957 (95.70%) -- Ticket Income $191,400
Game was played at the TD Garden.
Total Attendance: 17669 (98.16%)
Total Ticket Income: $1,332,760
Other Income: $199,914
Total Income: $1,532,674
Avalanche
5 vs 5 Forward
Center Left Wing Right Wing Time % Phy DF OF
1 Jean-Gabriel Pageau Kyle Clifford Patric Hornqvist 31 1 2 2
2 Ryan O'Reilly Andrei Kuzmenko Rickard Rakell 31 1 2 2
3 Bryan Little Anthony Duclair Nick Cousins 27 1 2 2
4 Drake Caggiula Joseph Blandisi Ryan Hartman 11 1 2 2
5 vs 5 Defense
Defense Defense Time % Phy DF OF
1 Jack Johnson Jacob Slavin 38 1 2 2
2 Erik Karlsson David Rundblad 30 1 2 2
3 Vladislav Gavrikov Stefan Elliott 28 1 2 2
4 Jack Johnson Jacob Slavin 4 1 2 2
PowerPlay Forward
Center Left Wing Right Wing Time % Phy DF OF
1 Jean-Gabriel Pageau Kyle Clifford Rickard Rakell 50 0 1 4
2 Bryan Little Andrei Kuzmenko Nick Cousins 50 0 1 4
PowerPlay Defense
Defense Defense Time % Phy DF OF
1 Jacob Slavin Erik Karlsson 50 0 2 3
2 Stefan Elliott David Rundblad 50 0 2 3
Penalty Kill 4 Players Forward
Center Wing Time % Phy DF OF
1 Jean-Gabriel Pageau Kyle Clifford 50 1 3 1
2 Ryan O'Reilly Patric Hornqvist 50 1 3 1
Penalty Kill 4 Players Defense
Defense Defense Time % Phy DF OF
1 Jacob Slavin David Rundblad 50 1 3 1
2 Jack Johnson Vladislav Gavrikov 50 1 3 1
Penalty Kill - 3 Players Forward
Forward Time % Phy DF OF
1 Kyle Clifford 55 1 4 0
2 Jean-Gabriel Pageau 45 1 4 0
Penalty Kill - 3 Players Defense
Defense Defense Time % Phy DF OF
1 Jacob Slavin David Rundblad 50 1 4 0
2 Jack Johnson Vladislav Gavrikov 50 1 4 0
4 vs 4 Forward
Center Wing Time % Phy DF OF
1 Jean-Gabriel Pageau Kyle Clifford 50 1 2 2
2 Ryan O'Reilly Andrei Kuzmenko 50 1 2 2
4 vs 4 Defense
Defense Defense Time % Phy DF OF
1 Jacob Slavin Vladislav Gavrikov 55 1 2 2
2 Jack Johnson David Rundblad 45 1 2 2
Last Minutes Offensive
Center Left Wing Right Wing Defense Defense
Jean-Gabriel Pageau Anthony Duclair Patric Hornqvist Erik Karlsson Jacob Slavin
Last Minutes Defensive
Center Left Wing Right Wing Defense Defense
Jean-Gabriel Pageau Kyle Clifford Rickard Rakell Jacob Slavin Jack Johnson
Goaltenders
Starting : Semyon Varlamov
Backup : Robin Lehner
Extra Forwards
Normal : Drake Caggiula, Joseph Blandisi, Ryan Hartman - PP : Anthony Duclair, Ryan O'Reilly - PK : Rickard Rakell
Extra Defensemen
Normal : Vladislav Gavrikov, Stefan Elliott, David Rundblad - PP : Vladislav Gavrikov - PK : Stefan Elliott, Erik Karlsson
Penalty Shots
Andrei Kuzmenko, Anthony Duclair, Bryan Little, Patric Hornqvist, Kyle Clifford
Custom OT Lines Forwards
Kyle Clifford, Jean-Gabriel Pageau, Bryan Little, Patric Hornqvist, Rickard Rakell, Ryan O'Reilly, Andrei Kuzmenko, Nick Cousins, Ryan Hartman, Anthony Duclair
Custom OT Lines Defensemen
Jacob Slavin, Erik Karlsson, Jack Johnson, David Rundblad, Stefan Elliott
Scratches
Jarred Tinordi (Healthy), Luke Witkowski (Healthy)
Bruins
5 vs 5 Forward
Center Left Wing Right Wing Time % Phy DF OF
1 Jonathan Toews Gabriel Landeskog Zack Kassian 40 1 2 2
2 Alexander Wennberg Wojtek Wolski Mark Stone 30 1 2 2
3 Casey Cizikas Eric Wellwood Andreas Athanasiou 20 1 2 2
4 John Quenneville Zemgus Girgensons Walker Duehr 10 1 2 2
5 vs 5 Defense
Defense Defense Time % Phy DF OF
1 Jason Demers Madison Bowey 40 1 2 2
2 Torey Krug Adam Pelech 30 1 2 2
3 Mattias Ekholm Brett Pesce 20 1 2 2
4 Jason Demers Madison Bowey 10 1 2 2
PowerPlay Forward
Center Left Wing Right Wing Time % Phy DF OF
1 Jonathan Toews Gabriel Landeskog Zack Kassian 60 1 2 2
2 Alexander Wennberg Wojtek Wolski Mark Stone 40 1 2 2
PowerPlay Defense
Defense Defense Time % Phy DF OF
1 Jason Demers Madison Bowey 60 1 2 2
2 Torey Krug Adam Pelech 40 1 2 2
Penalty Kill 4 Players Forward
Center Wing Time % Phy DF OF
1 Gabriel Landeskog Zack Kassian 60 1 2 2
2 Jonathan Toews Alexander Wennberg 40 1 2 2
Penalty Kill 4 Players Defense
Defense Defense Time % Phy DF OF
1 Jason Demers Madison Bowey 60 1 2 2
2 Torey Krug Adam Pelech 40 1 2 2
Penalty Kill - 3 Players Forward
Forward Time % Phy DF OF
1 Gabriel Landeskog 60 1 2 2
2 Zack Kassian 40 1 2 2
Penalty Kill - 3 Players Defense
Defense Defense Time % Phy DF OF
1 Jason Demers Madison Bowey 60 1 2 2
2 Torey Krug Adam Pelech 40 1 2 2
4 vs 4 Forward
Center Wing Time % Phy DF OF
1 Gabriel Landeskog Zack Kassian 60 1 2 2
2 Jonathan Toews Alexander Wennberg 40 1 2 2
4 vs 4 Defense
Defense Defense Time % Phy DF OF
1 Jason Demers Madison Bowey 60 1 2 2
2 Torey Krug Adam Pelech 40 1 2 2
Last Minutes Offensive
Center Left Wing Right Wing Defense Defense
Jonathan Toews Gabriel Landeskog Zack Kassian Jason Demers Madison Bowey
Last Minutes Defensive
Center Left Wing Right Wing Defense Defense
Jonathan Toews Gabriel Landeskog Zack Kassian Jason Demers Madison Bowey
Goaltenders
Starting : Kevin Poulin
Backup : Tuukka Rask
Extra Forwards
Normal : Eric Wellwood, Casey Cizikas, Andreas Athanasiou - PP : Eric Wellwood, Casey Cizikas - PK : Andreas Athanasiou
Extra Defensemen
Normal : Mattias Ekholm, Brett Pesce, Torey Krug - PP : Mattias Ekholm - PK : Brett Pesce, Torey Krug
Penalty Shots
Gabriel Landeskog, Zack Kassian, Jonathan Toews, Alexander Wennberg, Wojtek Wolski
Custom OT Lines Forwards
Gabriel Landeskog, Zack Kassian, Jonathan Toews, Alexander Wennberg, Wojtek Wolski, Mark Stone, Eric Wellwood, Casey Cizikas, Andreas Athanasiou, Zemgus Girgensons
Custom OT Lines Defensemen
Jason Demers, Madison Bowey, Torey Krug, Adam Pelech, Mattias Ekholm
Scratches
Craig Smith (Sprained Right Finger Injury), Josh Manson (Lacerated Left Calf Injury)
% Time on Ice - Avalanche
Lines # - Real PCT - Wanted PCT - Time Play
Normal Forward
1 - 27% - 31% - 10:25
2 - 28% - 31% - 10:37
3 - 25% - 27% - 9:43
4 - 20% - 11% - 7:46
Normal Defense
1 - 40% - 38% - 15:25
2 - 34% - 30% - 12:56
3 - 26% - 28% - 10:10
4 - 0% - 4% - 0:00
PP Forward
1 - 57% - 50% - 5:10
2 - 43% - 50% - 3:53
PP Defense
1 - 49% - 50% - 4:26
2 - 51% - 50% - 4:37
PK Forward
1 - 51% - 50% - 6:19
2 - 49% - 50% - 6:07
PK Defense
1 - 51% - 50% - 6:17
2 - 49% - 50% - 6:09
PK3 Forward
1 - 0% - 55%
2 - 0% - 45%
PK3 Defense
1 - 0% - 50%
2 - 0% - 50%
44 Forward
1 - 0% - 50%
2 - 0% - 50%
44 Defense
1 - 0% - 55%
2 - 0% - 45%
Last Minute Offensive - 0:00
Last Minute Defensive - 0:00
Total
Forward - 60:00
Defense - 60:00
|
% Time on Ice - Bruins
Lines # - Real PCT - Wanted PCT - Time Play
Normal Forward
1 - 33% - 40% - 12:35
2 - 30% - 30% - 11:30
3 - 25% - 20% - 9:47
4 - 12% - 10% - 4:39
Normal Defense
1 - 47% - 40% - 18:06
2 - 30% - 30% - 11:37
3 - 23% - 20% - 8:48
4 - 0% - 10% - 0:00
PP Forward
1 - 60% - 60% - 7:31
2 - 40% - 40% - 4:55
PP Defense
1 - 49% - 60% - 6:05
2 - 51% - 40% - 6:21
PK Forward
1 - 67% - 60% - 6:03
2 - 33% - 40% - 3:00
PK Defense
1 - 56% - 60% - 5:04
2 - 44% - 40% - 3:59
PK3 Forward
1 - 0% - 60%
2 - 0% - 40%
PK3 Defense
1 - 0% - 60%
2 - 0% - 40%
44 Forward
1 - 0% - 60%
2 - 0% - 40%
44 Defense
1 - 0% - 60%
2 - 0% - 40%
Last Minute Offensive - 0:00
Last Minute Defensive - 0:00
Total
Forward - 60:00
Defense - 60:00
|
Play-by-Play
1st period
0:01 of 1st period - Jonathan Toews wins face-off versus Jean-Gabriel Pageau in neutral zone.
0:06 of 1st period - Wrist shot by Jonathan Toews.
0:06 of 1st period - Shot Misses the Net.
0:12 of 1st period - Jacob Slavin is hit by Jonathan Toews and loses puck.
0:54 of 1st period - David Rundblad is hit by Casey Cizikas and loses puck.
1:19 of 1st period - Slapshot by Ryan Hartman.
1:19 of 1st period - Deflect By Torey Krug.
1:19 of 1st period - Shot Misses the Net.
1:19 of 1st period - Puck is out of play.
1:20 of 1st period - Drake Caggiula wins face-off versus Jonathan Toews in Bruins zone.
1:21 of 1st period - Slapshot by Ryan Hartman.
1:21 of 1st period - Stopped by Kevin Poulin with a rebound.
1:41 of 1st period - Snap shot by Joseph Blandisi.
1:41 of 1st period - Shot Misses the Net.
1:43 of 1st period - Snap shot by Drake Caggiula.
1:43 of 1st period - Stopped by Kevin Poulin without a rebound.
1:44 of 1st period - Ryan O'Reilly wins face-off versus Alexander Wennberg in Bruins zone.
1:48 of 1st period - Minor Penalty to Adam Pelech for High sticking.
1:49 of 1st period - Gabriel Landeskog wins face-off versus Kyle Clifford in Bruins zone.
2:01 of 1st period - Backhand shot by Kyle Clifford.
2:01 of 1st period - Stopped by Kevin Poulin without a rebound.
2:02 of 1st period - Bryan Little wins face-off versus Gabriel Landeskog in Bruins zone.
2:29 of 1st period - Jason Demers is hit by Kyle Clifford and loses puck.
3:48 of 1st period - Penalty to Adam Pelech is over, Adam Pelech is back on ice.
3:59 of 1st period - Slapshot by Joseph Blandisi.
3:59 of 1st period - Shot Misses the Net.
4:11 of 1st period - Ryan Hartman is hit by Zemgus Girgensons and loses puck.
4:30 of 1st period - Jacob Slavin is hit by Wojtek Wolski and loses puck.
4:54 of 1st period - Icing by Mattias Ekholm.
4:55 of 1st period - Andreas Athanasiou wins face-off versus Anthony Duclair in Bruins zone.
4:59 of 1st period - Off-side.
5:00 of 1st period - Bryan Little wins face-off versus Jonathan Toews in neutral zone.
5:03 of 1st period - Wrist shot by Nick Cousins.
5:03 of 1st period - Shot Blocked by Adam Pelech.
5:05 of 1st period - Wrist shot by Bryan Little.
5:05 of 1st period - Stopped by Kevin Poulin without a rebound.
5:06 of 1st period - Jonathan Toews wins face-off versus Ryan O'Reilly in Bruins zone.
5:21 of 1st period - Slapshot by Rickard Rakell.
5:21 of 1st period - Stopped by Kevin Poulin with a rebound.
5:43 of 1st period - Backhand shot by Kyle Clifford.
5:43 of 1st period - Stopped by Kevin Poulin with a rebound.
5:53 of 1st period - Eric Wellwood is hit by Anthony Duclair.
5:58 of 1st period - Off-side.
5:59 of 1st period - Ryan O'Reilly wins face-off versus Jonathan Toews in neutral zone.
6:06 of 1st period - Wrist shot by Andrei Kuzmenko.
6:06 of 1st period - Deflect By Ryan O'Reilly.
6:06 of 1st period - Stopped by Kevin Poulin with a rebound.
6:18 of 1st period - Minor Penalty to Ryan O'Reilly for Holding.
6:19 of 1st period - Jean-Gabriel Pageau wins face-off versus Jonathan Toews in Avalanche zone.
7:42 of 1st period - Icing by Jonathan Toews.
7:43 of 1st period - Rickard Rakell wins face-off versus Alexander Wennberg in Bruins zone.
8:08 of 1st period - Snap shot by Wojtek Wolski.
8:08 of 1st period - Stopped by Semyon Varlamov with a rebound.
8:10 of 1st period - Snap shot by Madison Bowey.
8:10 of 1st period - Shot Misses the Net.
8:12 of 1st period - Slapshot by Jason Demers.
8:12 of 1st period - Deflect By Mark Stone.
8:12 of 1st period - Stopped by Semyon Varlamov without a rebound.
8:13 of 1st period - Jonathan Toews wins face-off versus Rickard Rakell in Avalanche zone.
8:18 of 1st period - Penalty to Ryan O'Reilly is over, Ryan O'Reilly is back on ice.
8:20 of 1st period - Snap shot by Gabriel Landeskog.
8:20 of 1st period - Shot Misses the Net.
8:22 of 1st period - Snap shot by Zack Kassian.
8:22 of 1st period - Stopped by Semyon Varlamov with a rebound.
8:28 of 1st period - Backhand shot by Zack Kassian.
8:28 of 1st period - Deflect By Jonathan Toews.
8:28 of 1st period - Stopped by Semyon Varlamov with a rebound.
8:30 of 1st period - Backhand shot by Adam Pelech.
8:30 of 1st period - Shot Misses the Net.
8:40 of 1st period - Wrist shot by Eric Wellwood.
8:40 of 1st period - Stopped by Semyon Varlamov without a rebound.
8:41 of 1st period - Casey Cizikas wins face-off versus Nick Cousins in Avalanche zone.
8:54 of 1st period - Backhand shot by Bryan Little.
8:54 of 1st period - Shot Misses the Net.
8:56 of 1st period - Slapshot by Stefan Elliott.
8:56 of 1st period - Shot Misses the Net.
10:20 of 1st period - Anthony Duclair is hit by Eric Wellwood and loses puck.
10:29 of 1st period - Snap shot by Casey Cizikas.
10:29 of 1st period - Deflect By Eric Wellwood.
10:29 of 1st period - Stopped by Semyon Varlamov with a rebound.
10:45 of 1st period - Wrist shot by Alexander Wennberg.
10:45 of 1st period - Stopped by Semyon Varlamov without a rebound.
10:46 of 1st period - Alexander Wennberg wins face-off versus Jean-Gabriel Pageau in Avalanche zone.
10:58 of 1st period - Minor Penalty to Jean-Gabriel Pageau for Roughing.
10:59 of 1st period - Rickard Rakell wins face-off versus Jonathan Toews in Avalanche zone.
11:29 of 1st period - Slapshot by Alexander Wennberg.
11:29 of 1st period - Goal by Alexander Wennberg - Avalanche : 0 - Bruins : 1.
11:30 of 1st period - Jean-Gabriel Pageau wins face-off versus Jonathan Toews in neutral zone.
11:57 of 1st period - Andrei Kuzmenko is hit by Madison Bowey and loses puck.
12:44 of 1st period - Kyle Clifford is hit by Zemgus Girgensons and loses puck.
13:03 of 1st period - Wrist shot by Zack Kassian.
13:03 of 1st period - Deflect By Jonathan Toews.
13:03 of 1st period - Stopped by Semyon Varlamov with a rebound.
13:05 of 1st period - Wrist shot by Zack Kassian.
13:05 of 1st period - Shot Misses the Net.
13:11 of 1st period - Snap shot by Zack Kassian.
13:11 of 1st period - Stopped by Semyon Varlamov without a rebound.
13:12 of 1st period - Alexander Wennberg wins face-off versus Ryan O'Reilly in Avalanche zone.
13:16 of 1st period - Minor Penalty to Jacob Slavin for Interference.
13:17 of 1st period - Jonathan Toews wins face-off versus Kyle Clifford in Avalanche zone.
13:27 of 1st period - Snap shot by Gabriel Landeskog.
13:27 of 1st period - Stopped by Semyon Varlamov with a rebound.
13:51 of 1st period - Snap shot by Mark Stone.
13:51 of 1st period - Stopped by Semyon Varlamov with a rebound.
14:17 of 1st period - Vladislav Gavrikov is hit by Jason Demers and loses puck.
15:16 of 1st period - Penalty to Jacob Slavin is over, Jacob Slavin is back on ice.
15:34 of 1st period - Snap shot by Nick Cousins.
15:34 of 1st period - Shot Blocked by Casey Cizikas.
15:36 of 1st period - Slapshot by David Rundblad.
15:36 of 1st period - Shot Misses the Net.
16:06 of 1st period - Snap shot by Andrei Kuzmenko.
16:06 of 1st period - Stopped by Kevin Poulin without a rebound.
16:07 of 1st period - Rickard Rakell wins face-off versus Casey Cizikas in Bruins zone.
16:52 of 1st period - Snap shot by Nick Cousins.
16:52 of 1st period - Stopped by Kevin Poulin with a rebound.
17:08 of 1st period - Minor Penalty to Anthony Duclair for Tripping.
17:09 of 1st period - Jonathan Toews wins face-off versus Ryan O'Reilly in Avalanche zone.
19:08 of 1st period - Penalty to Anthony Duclair is over, Anthony Duclair is back on ice.
19:16 of 1st period - Jack Johnson is hit by Andreas Athanasiou.
19:36 of 1st period - Walker Duehr is hit by Ryan Hartman and loses puck.
19:45 of 1st period - Snap shot by Ryan Hartman.
19:45 of 1st period - Shot Misses the Net.
19:47 of 1st period - Snap shot by Jack Johnson.
19:47 of 1st period - Shot Blocked by Brett Pesce.
19:49 of 1st period - Snap shot by Stefan Elliott.
19:49 of 1st period - Shot Misses the Net.
Goals for this period are 0 for Avalanche vs 1 for Bruins.
Shots for this period are 9 for Avalanche vs 12 for Bruins.
2nd period
0:01 of 2nd period - Zack Kassian wins face-off versus Jean-Gabriel Pageau in neutral zone.
0:12 of 2nd period - Wrist shot by Gabriel Landeskog.
0:12 of 2nd period - Shot Blocked by Kyle Clifford.
0:14 of 2nd period - Snap shot by Torey Krug.
0:14 of 2nd period - Shot Blocked by Jean-Gabriel Pageau.
0:26 of 2nd period - Adam Pelech is hit by Rickard Rakell and loses puck.
0:37 of 2nd period - Madison Bowey is hit by Ryan O'Reilly and loses puck.
0:58 of 2nd period - Snap shot by Anthony Duclair.
0:58 of 2nd period - Deflect By Nick Cousins.
0:58 of 2nd period - Stopped by Kevin Poulin without a rebound.
0:59 of 2nd period - Jonathan Toews wins face-off versus Jean-Gabriel Pageau in Bruins zone.
1:04 of 2nd period - Kyle Clifford is hit by Adam Pelech and loses puck.
1:13 of 2nd period - Snap shot by Jonathan Toews.
1:13 of 2nd period - Deflect By Zack Kassian.
1:13 of 2nd period - Shot Blocked by Jacob Slavin.
1:13 of 2nd period - Puck is out of play.
1:14 of 2nd period - Alexander Wennberg wins face-off versus Ryan O'Reilly in Avalanche zone.
2:46 of 2nd period - Snap shot by Eric Wellwood.
2:46 of 2nd period - Shot Misses the Net.
2:57 of 2nd period - Off-side.
2:58 of 2nd period - John Quenneville wins face-off versus Drake Caggiula in neutral zone.
3:03 of 2nd period - Wrist shot by John Quenneville.
3:03 of 2nd period - Stopped by Semyon Varlamov without a rebound.
3:04 of 2nd period - Jonathan Toews wins face-off versus Jean-Gabriel Pageau in Avalanche zone.
3:05 of 2nd period - Slapshot by Zack Kassian.
3:05 of 2nd period - Stopped by Semyon Varlamov without a rebound.
3:06 of 2nd period - Jonathan Toews wins face-off versus Jean-Gabriel Pageau in Avalanche zone.
3:19 of 2nd period - Snap shot by Gabriel Landeskog.
3:19 of 2nd period - Goal by Gabriel Landeskog - Avalanche : 0 - Bruins : 2.
3:20 of 2nd period - Gabriel Landeskog wins face-off versus Jean-Gabriel Pageau in neutral zone.
3:23 of 2nd period - Slapshot by Adam Pelech.
3:23 of 2nd period - Deflect By Jonathan Toews.
3:23 of 2nd period - Shot Misses the Net.
3:23 of 2nd period - Puck is out of play.
3:24 of 2nd period - Jean-Gabriel Pageau wins face-off versus Jonathan Toews in Avalanche zone.
3:24 of 2nd period - Jean-Gabriel Pageau is hit by Jonathan Toews.
3:35 of 2nd period - Minor Penalty to Zack Kassian for Slashing.
3:36 of 2nd period - Gabriel Landeskog wins face-off versus Bryan Little in Bruins zone.
5:20 of 2nd period - Wojtek Wolski is hit by Andrei Kuzmenko and loses puck.
5:35 of 2nd period - Penalty to Zack Kassian is over, Zack Kassian is back on ice.
5:53 of 2nd period - Wrist shot by Ryan Hartman.
5:53 of 2nd period - Shot Misses the Net.
5:55 of 2nd period - Snap shot by Ryan Hartman.
5:55 of 2nd period - Shot Blocked by Mattias Ekholm.
5:57 of 2nd period - Slapshot by Stefan Elliott.
5:57 of 2nd period - Deflect By Joseph Blandisi.
5:57 of 2nd period - Shot Blocked by Mattias Ekholm.
5:57 of 2nd period - Puck is out of play.
5:58 of 2nd period - Drake Caggiula wins face-off versus Andreas Athanasiou in Bruins zone.
6:05 of 2nd period - Wrist shot by Joseph Blandisi.
6:05 of 2nd period - Shot Misses the Net.
6:07 of 2nd period - Minor Penalty to Adam Pelech for Hooking.
6:08 of 2nd period - Gabriel Landeskog wins face-off versus Bryan Little in Bruins zone.
6:08 of 2nd period - Gabriel Landeskog is hit by Bryan Little.
6:38 of 2nd period - Slapshot by Jacob Slavin.
6:38 of 2nd period - Stopped by Kevin Poulin without a rebound.
6:39 of 2nd period - Jonathan Toews wins face-off versus Jean-Gabriel Pageau in Bruins zone.
6:52 of 2nd period - Zack Kassian is hit by Jean-Gabriel Pageau and loses puck.
7:11 of 2nd period - Wrist shot by Kyle Clifford.
7:11 of 2nd period - Stopped by Kevin Poulin with a rebound.
7:13 of 2nd period - Snap shot by Stefan Elliott.
7:13 of 2nd period - Deflect By Torey Krug.
7:13 of 2nd period - Stopped by Kevin Poulin with a rebound.
7:15 of 2nd period - Slapshot by David Rundblad.
7:15 of 2nd period - Shot Blocked by Alexander Wennberg.
7:17 of 2nd period - Slapshot by David Rundblad.
7:17 of 2nd period - Stopped by Kevin Poulin with a rebound.
7:53 of 2nd period - Wrist shot by Kyle Clifford.
7:53 of 2nd period - Goal by Kyle Clifford - Avalanche : 1 - Bruins : 2.
7:54 of 2nd period - Bryan Little wins face-off versus Andreas Athanasiou in neutral zone.
8:31 of 2nd period - Off-side.
8:32 of 2nd period - Bryan Little wins face-off versus Alexander Wennberg in neutral zone.
8:44 of 2nd period - Minor Penalty to Wojtek Wolski for Tripping.
8:45 of 2nd period - Bryan Little wins face-off versus Gabriel Landeskog in Bruins zone.
9:00 of 2nd period - Snap shot by Andrei Kuzmenko.
9:00 of 2nd period - Stopped by Kevin Poulin without a rebound.
9:01 of 2nd period - Gabriel Landeskog wins face-off versus Jean-Gabriel Pageau in Bruins zone.
9:12 of 2nd period - Snap shot by Rickard Rakell.
9:12 of 2nd period - Shot Hit the Post.
9:14 of 2nd period - Slapshot by Kyle Clifford.
9:14 of 2nd period - Shot Misses the Net.
9:16 of 2nd period - Snap shot by Kyle Clifford.
9:16 of 2nd period - Stopped by Kevin Poulin with a rebound.
9:18 of 2nd period - Wrist shot by Rickard Rakell.
9:18 of 2nd period - Stopped by Kevin Poulin without a rebound.
9:19 of 2nd period - Gabriel Landeskog wins face-off versus Nick Cousins in Bruins zone.
9:44 of 2nd period - Wrist shot by Alexander Wennberg.
9:44 of 2nd period - Stopped by Semyon Varlamov without a rebound.
9:45 of 2nd period - Jean-Gabriel Pageau wins face-off versus Jonathan Toews in Avalanche zone.
10:00 of 2nd period - Wrist shot by Kyle Clifford.
10:00 of 2nd period - Shot Blocked by Adam Pelech.
10:02 of 2nd period - Snap shot by Jean-Gabriel Pageau.
10:02 of 2nd period - Shot Misses the Net.
10:04 of 2nd period - Slapshot by Stefan Elliott.
10:04 of 2nd period - Goal by Stefan Elliott - Avalanche : 2 - Bruins : 2.
10:05 of 2nd period - Ryan O'Reilly wins face-off versus Jonathan Toews in neutral zone.
10:08 of 2nd period - Snap shot by Andrei Kuzmenko.
10:08 of 2nd period - Stopped by Kevin Poulin with a rebound.
10:34 of 2nd period - Backhand shot by Kyle Clifford.
10:34 of 2nd period - Shot Misses the Net.
11:04 of 2nd period - Snap shot by Casey Cizikas.
11:04 of 2nd period - Stopped by Semyon Varlamov with a rebound.
12:07 of 2nd period - Slapshot by Torey Krug.
12:07 of 2nd period - Stopped by Semyon Varlamov without a rebound.
12:08 of 2nd period - Alexander Wennberg wins face-off versus Jean-Gabriel Pageau in Avalanche zone.
12:09 of 2nd period - Wrist shot by Wojtek Wolski.
12:09 of 2nd period - Shot Misses the Net.
12:22 of 2nd period - Minor Penalty to Brett Pesce for Holding Stick.
12:23 of 2nd period - Bryan Little wins face-off versus Gabriel Landeskog in Bruins zone.
14:22 of 2nd period - Penalty to Brett Pesce is over, Brett Pesce is back on ice.
14:34 of 2nd period - Torey Krug is hit by Ryan Hartman and loses puck.
15:08 of 2nd period - Icing by Jack Johnson.
15:09 of 2nd period - Alexander Wennberg wins face-off versus Ryan Hartman in Avalanche zone.
15:16 of 2nd period - Wrist shot by Mark Stone.
15:16 of 2nd period - Stopped by Semyon Varlamov without a rebound.
15:17 of 2nd period - Alexander Wennberg wins face-off versus Andrei Kuzmenko in Avalanche zone.
15:18 of 2nd period - Snap shot by Wojtek Wolski.
15:18 of 2nd period - Shot Misses the Net.
15:51 of 2nd period - Wrist shot by Alexander Wennberg.
15:51 of 2nd period - Stopped by Semyon Varlamov with a rebound.
16:11 of 2nd period - Snap shot by Drake Caggiula.
16:11 of 2nd period - Shot Misses the Net.
16:13 of 2nd period - Snap shot by Ryan Hartman.
16:13 of 2nd period - Stopped by Kevin Poulin with a rebound.
16:15 of 2nd period - Slapshot by Jacob Slavin.
16:15 of 2nd period - Stopped by Kevin Poulin without a rebound.
16:16 of 2nd period - Jonathan Toews wins face-off versus Ryan Hartman in Bruins zone.
16:57 of 2nd period - Double Minor Penalty to Stefan Elliott for Slashing.
16:58 of 2nd period - Jean-Gabriel Pageau wins face-off versus Jonathan Toews in Avalanche zone.
17:02 of 2nd period - Off-side.
17:03 of 2nd period - Jonathan Toews wins face-off versus Jean-Gabriel Pageau in neutral zone.
17:42 of 2nd period - Slapshot by Patric Hornqvist.
17:42 of 2nd period - Deflect By Ryan O'Reilly.
17:42 of 2nd period - Shot Blocked by Madison Bowey.
17:42 of 2nd period - Puck is out of play.
17:43 of 2nd period - Jonathan Toews wins face-off versus Jean-Gabriel Pageau in Bruins zone.
Goals for this period are 2 for Avalanche vs 1 for Bruins.
Shots for this period are 13 for Avalanche vs 8 for Bruins.
3rd period
0:01 of 3rd period - Jean-Gabriel Pageau wins face-off versus Jonathan Toews in neutral zone.
0:57 of 3rd period - Penalty to Stefan Elliott is over, Stefan Elliott is back on ice.
1:04 of 3rd period - Slapshot by Casey Cizikas.
1:04 of 3rd period - Shot Misses the Net.
1:06 of 3rd period - Slapshot by Torey Krug.
1:06 of 3rd period - Goal by Torey Krug - Avalanche : 2 - Bruins : 3.
1:07 of 3rd period - Bryan Little wins face-off versus Jonathan Toews in neutral zone.
1:24 of 3rd period - Wrist shot by Zack Kassian.
1:24 of 3rd period - Stopped by Semyon Varlamov with a rebound.
1:56 of 3rd period - Off-side.
1:57 of 3rd period - Ryan O'Reilly wins face-off versus Casey Cizikas in neutral zone.
2:02 of 3rd period - Eric Wellwood is hit by Jacob Slavin and loses puck.
2:14 of 3rd period - Adam Pelech is hit by Ryan O'Reilly and loses puck.
2:26 of 3rd period - Torey Krug is hit by Jacob Slavin and loses puck.
2:35 of 3rd period - Wrist shot by Mark Stone.
2:35 of 3rd period - Stopped by Semyon Varlamov without a rebound.
2:36 of 3rd period - Jean-Gabriel Pageau wins face-off versus Jonathan Toews in Avalanche zone.
2:41 of 3rd period - Snap shot by Gabriel Landeskog.
2:41 of 3rd period - Goal by Gabriel Landeskog - Avalanche : 2 - Bruins : 4.
2:42 of 3rd period - Jean-Gabriel Pageau wins face-off versus Jonathan Toews in neutral zone.
3:18 of 3rd period - Snap shot by Wojtek Wolski.
3:18 of 3rd period - Stopped by Semyon Varlamov without a rebound.
3:19 of 3rd period - Jonathan Toews wins face-off versus Jean-Gabriel Pageau in Avalanche zone.
3:20 of 3rd period - Snap shot by Gabriel Landeskog.
3:20 of 3rd period - Shot Misses the Net.
3:22 of 3rd period - Wrist shot by Adam Pelech.
3:22 of 3rd period - Shot Misses the Net.
3:24 of 3rd period - Wrist shot by Zack Kassian.
3:24 of 3rd period - Shot Hit the Post.
3:44 of 3rd period - Rickard Rakell is hit by Wojtek Wolski and loses puck.
4:05 of 3rd period - Wrist shot by Eric Wellwood.
4:05 of 3rd period - Stopped by Semyon Varlamov without a rebound.
4:06 of 3rd period - Casey Cizikas wins face-off versus Bryan Little in Avalanche zone.
4:46 of 3rd period - Snap shot by Andreas Athanasiou.
4:46 of 3rd period - Stopped by Semyon Varlamov without a rebound.
4:47 of 3rd period - Jonathan Toews wins face-off versus Jean-Gabriel Pageau in Avalanche zone.
4:54 of 3rd period - Snap shot by Gabriel Landeskog.
4:54 of 3rd period - Shot Blocked by Vladislav Gavrikov.
5:14 of 3rd period - Madison Bowey is hit by Andrei Kuzmenko and loses puck.
5:37 of 3rd period - Snap shot by John Quenneville.
5:37 of 3rd period - Shot Blocked by Stefan Elliott.
5:39 of 3rd period - Slapshot by Torey Krug.
5:39 of 3rd period - Shot Misses the Net.
6:05 of 3rd period - Jonathan Toews is hit by Stefan Elliott and loses puck.
6:28 of 3rd period - Wrist shot by Jean-Gabriel Pageau.
6:28 of 3rd period - Stopped by Kevin Poulin without a rebound.
6:29 of 3rd period - Ryan O'Reilly wins face-off versus Alexander Wennberg in Bruins zone.
6:40 of 3rd period - Wrist shot by Alexander Wennberg.
6:40 of 3rd period - Shot Misses the Net.
6:56 of 3rd period - Patric Hornqvist is hit by Zack Kassian and loses puck.
7:07 of 3rd period - Madison Bowey is hit by Patric Hornqvist and loses puck.
7:31 of 3rd period - Jason Demers is hit by Bryan Little and loses puck.
8:02 of 3rd period - Snap shot by Gabriel Landeskog.
8:02 of 3rd period - Stopped by Semyon Varlamov without a rebound.
8:03 of 3rd period - Drake Caggiula wins face-off versus Gabriel Landeskog in Avalanche zone.
8:40 of 3rd period - Slapshot by Bryan Little.
8:40 of 3rd period - Shot Blocked by Zack Kassian.
8:53 of 3rd period - Adam Pelech is hit by Patric Hornqvist.
9:59 of 3rd period - Bryan Little is hit by Wojtek Wolski and loses puck.
10:37 of 3rd period - Slapshot by Mark Stone.
10:37 of 3rd period - Stopped by Semyon Varlamov with a rebound.
10:39 of 3rd period - Wrist shot by Wojtek Wolski.
10:39 of 3rd period - Goal by Wojtek Wolski - Avalanche : 2 - Bruins : 5.
10:40 of 3rd period - Jonathan Toews wins face-off versus Jean-Gabriel Pageau in neutral zone.
11:08 of 3rd period - Icing by Gabriel Landeskog.
11:09 of 3rd period - Ryan O'Reilly wins face-off versus Casey Cizikas in Bruins zone.
11:14 of 3rd period - Wrist shot by Andrei Kuzmenko.
11:14 of 3rd period - Stopped by Kevin Poulin with a rebound.
11:16 of 3rd period - Slapshot by Vladislav Gavrikov.
11:16 of 3rd period - Shot Blocked by Eric Wellwood.
11:18 of 3rd period - Wrist shot by Vladislav Gavrikov.
11:18 of 3rd period - Shot Blocked by Casey Cizikas.
11:20 of 3rd period - Wrist shot by Rickard Rakell.
11:20 of 3rd period - Shot Blocked by Eric Wellwood.
11:22 of 3rd period - Slapshot by Ryan O'Reilly.
11:22 of 3rd period - Shot Misses the Net.
11:28 of 3rd period - Madison Bowey is hit by Ryan O'Reilly and loses puck.
11:34 of 3rd period - Icing by Eric Wellwood.
11:35 of 3rd period - Casey Cizikas wins face-off versus Jean-Gabriel Pageau in Bruins zone.
11:53 of 3rd period - Slapshot by Casey Cizikas.
11:53 of 3rd period - Shot Misses the Net.
11:55 of 3rd period - Snap shot by Andreas Athanasiou.
11:55 of 3rd period - Stopped by Semyon Varlamov with a rebound.
12:06 of 3rd period - Minor Penalty to Jean-Gabriel Pageau for Tripping.
12:07 of 3rd period - Ryan O'Reilly wins face-off versus Jonathan Toews in Avalanche zone.
14:01 of 3rd period - Gabriel Landeskog is hit by Bryan Little and loses puck.
14:06 of 3rd period - Penalty to Jean-Gabriel Pageau is over, Jean-Gabriel Pageau is back on ice.
14:08 of 3rd period - Vladislav Gavrikov is hit by Jason Demers and loses puck.
14:59 of 3rd period - Wrist shot by Zack Kassian.
14:59 of 3rd period - Deflect By Gabriel Landeskog.
14:59 of 3rd period - Shot Misses the Net.
14:59 of 3rd period - Puck is out of play.
15:00 of 3rd period - Alexander Wennberg wins face-off versus Ryan O'Reilly in Avalanche zone.
15:09 of 3rd period - Wrist shot by Wojtek Wolski.
15:09 of 3rd period - Stopped by Semyon Varlamov with a rebound.
15:23 of 3rd period - Icing by Rickard Rakell.
15:24 of 3rd period - Joseph Blandisi wins face-off versus Andreas Athanasiou in Avalanche zone.
15:37 of 3rd period - Wrist shot by Drake Caggiula.
15:37 of 3rd period - Shot Misses the Net.
16:00 of 3rd period - Snap shot by Joseph Blandisi.
16:00 of 3rd period - Stopped by Kevin Poulin with a rebound.
16:20 of 3rd period - Slapshot by Eric Wellwood.
16:20 of 3rd period - Stopped by Semyon Varlamov with a rebound.
16:22 of 3rd period - Wrist shot by Casey Cizikas.
16:22 of 3rd period - Deflect By Eric Wellwood.
16:22 of 3rd period - Stopped by Semyon Varlamov with a rebound.
16:24 of 3rd period - Snap shot by Casey Cizikas.
16:24 of 3rd period - Stopped by Semyon Varlamov with a rebound.
16:42 of 3rd period - Slapshot by Casey Cizikas.
16:42 of 3rd period - Deflect By Eric Wellwood.
16:42 of 3rd period - Shot Misses the Net.
16:42 of 3rd period - Puck is out of play.
16:43 of 3rd period - Alexander Wennberg wins face-off versus Ryan O'Reilly in Avalanche zone.
16:47 of 3rd period - Slapshot by Madison Bowey.
16:47 of 3rd period - Stopped by Semyon Varlamov without a rebound.
16:48 of 3rd period - Alexander Wennberg wins face-off versus Ryan O'Reilly in Avalanche zone.
16:51 of 3rd period - Wrist shot by Alexander Wennberg.
16:51 of 3rd period - Stopped by Semyon Varlamov without a rebound.
16:52 of 3rd period - Alexander Wennberg wins face-off versus Ryan O'Reilly in Avalanche zone.
16:57 of 3rd period - Wrist shot by Alexander Wennberg.
16:57 of 3rd period - Stopped by Semyon Varlamov with a rebound.
17:05 of 3rd period - Snap shot by Wojtek Wolski.
17:05 of 3rd period - Shot Blocked by Jacob Slavin.
17:07 of 3rd period - Slapshot by Jason Demers.
17:07 of 3rd period - Stopped by Semyon Varlamov with a rebound.
17:46 of 3rd period - Snap shot by Jack Johnson.
17:46 of 3rd period - Shot Misses the Net.
17:58 of 3rd period - Wrist shot by Alexander Wennberg.
17:58 of 3rd period - Shot Blocked by Jacob Slavin.
18:00 of 3rd period - Snap shot by Mark Stone.
18:00 of 3rd period - Stopped by Semyon Varlamov with a rebound.
18:06 of 3rd period - Snap shot by Mark Stone.
18:06 of 3rd period - Stopped by Semyon Varlamov without a rebound.
18:07 of 3rd period - Jean-Gabriel Pageau wins face-off versus Casey Cizikas in Avalanche zone.
18:59 of 3rd period - John Quenneville is hit by Ryan Hartman and loses puck.
19:42 of 3rd period - Slapshot by Nick Cousins.
19:42 of 3rd period - Shot Misses the Net.
Goals for this period are 0 for Avalanche vs 3 for Bruins.
Shots for this period are 3 for Avalanche vs 21 for Bruins.